AoeStats
← buz

Arabia

507303025Analyzed
2v2 RM · 14d ago on Sep 17, 2026· 14m 11s· 4 players
Game mode
Random Map
Map size
Medium (4 player)
Population
200
Speed
Normal
Resources
Standard
Victory
Conquest
Starting age
Dark Age
Ending age
Imperial Age
RankedLock teamsTeams togetherTeam positionsShared explorationLock speedFull tech treeHidden civsTurbo modeCheats
Victory
Defeat
🇫🇷 Bulgarians · France
793
+17
🇫🇷 Ethiopians · France
792
+17
🇸🇰 Vietnamese · Slovakia
820
-39
🇨🇿 Spanish · Czechia
807
-17
memex
10:58 Feudal Age
11:05 Loom
14:19 Town Watch
buz
6:38 Loom
10:02 Feudal Age
Zett
7:40 Loom
10:13 Feudal Age
11:40 Double-Bit Axe
11:36 Horse Collar
Stylebender
5:41 Loom
10:25 Feudal Age
13:09 Double-Bit Axe
13:17 Man-at-Arms
Connection lost

Rejoining the realm…

Still unreachable

The connection could not be restored.

Session expired

The server has moved on; the page needs a fresh start.